 Dungeon Crawl Stone Soup version 0.27.0-1-g7a089689b8 (webtiles) character file.

Game seed: 5929754851761175916

14 dtburroughs the Skirmisher (level 2, 0/27 HPs)
             Began as a Minotaur Berserker on Aug 1, 2021.
             Was a Follower of Trog.
             Succumbed to a goblin's poison
             ... on level 2 of the Dungeon.
             The game lasted 00:00:57 (752 turns).

dtburroughs the Skirmisher (Minotaur Berserker)      Turns: 752, Time: 00:00:58

Health: 0/27       AC: 11    Str: 21    XL:     2   Next: 31%
Magic:  1/1        EV:  6    Int:  4    God:    Trog [*.....]
Gold:   76         SH:  0    Dex:  9    Spells: 1/1 levels left

rFire    . . .     SeeInvis .   a - +0 hand axe
rCold    . . .     Faith    .   (no shield)
rNeg     . . .     Spirit   .   f - +0 plate armour
rPois    .         Reflect  .   (helmet restricted)
rElec    .         Harm     .   (no cloak)
rCorr    .         Rampage  .   (no gloves)
Will     .....                  (no boots)
Stlth    ..........             (no amulet)
HPRegen  0.09/turn              (no ring)
MPRegen  0.07/turn              (no ring)

@: lethally poisoned (0 -> -25)
A: horns 2, retaliatory headbutt
a: Renounce Religion, Berserk


You were on level 2 of the Dungeon.
You worshipped Trog.
Trog was aware of your devotion.
You visited 1 branch of the dungeon, and saw 2 of its levels.

You collected 76 gold pieces.

Inventory:

Hand Weapons
 a - a +0 hand axe (weapon)
Armour
 f - a +0 plate armour (worn)
Wands
 b - a wand of polymorph (7)
Scrolls
 c - a scroll of identify {unknown}
 g - a scroll of silence {unknown}
Potions
 d - a potion of might {unknown}
 e - a potion of heal wounds {unknown}


   Skills:
 + Level 3.9 Fighting
 + Level 3.8 Axes
 + Level 2.8 Armour
 + Level 2.5 Dodging


You had one spell level left.
You didn't know any spells.
Your spell library was empty.

Dungeon Overview and Level Annotations

Branches:
Dungeon (2/15)

Altars:

Annotations:
D:2 Robin


Innate Abilities, Weirdness & Mutations

You have a pair of horns on your head.
You reflexively headbutt those who attack you in melee.


Message History

The goblin barely misses you. x2; You furiously retaliate!
You headbutt the goblin.
You kill the goblin!
Trog accepts your kill.
Okay, then.
You feel sick.
The goblin hits you but does no damage. x2
You are more poisoned.
Robin roars a battlecry!
The goblins go into a battle-frenzy!
Things that are here:
a +0 club; a +0 dagger; a goblin corpse You hit the goblin.
You kill the goblin!
Trog accepts your kill.
You barely miss the goblin.
You feel very sick. The goblin hits you but does no damage.
You are more poisoned.
You feel very sick. Robin hits you but does no damage.
Things that are here:
a +0 dagger; a goblin corpse You hit Robin but do no damage.
You closely miss the goblin.
You feel very sick. The goblin barely misses you.
Robin hits you but does no damage. The goblin hits you but does no damage.
You are lethally poisoned!
You slash Robin!
Robin is moderately wounded.
You closely miss the goblin.
* * * LOW HITPOINT WARNING * * *
You feel very sick. Robin hits you with a +0 whip.
* * * LOW HITPOINT WARNING * * *
The goblin hits you but does no damage.
You are more poisoned.
You closely miss Robin.
Robin is moderately wounded.
You closely miss the goblin.
You die...

############
#..........#
#.########.#
#.########.#
#.#...gg@g.#
#.##########
#.# #.# #.#
#.# #.# ###
#.# ..# #.#


You could see Robin, a hobgoblin (strong) and a goblin (strong).

Vanquished Creatures
  An endoplasm (D:1)
  4 goblins
  5 kobolds
  A quokka (D:1)
  A bat (D:2)
  2 frilled lizards (D:1)
14 creatures vanquished.

Notes
Turn   | Place    | Note
-------+----------+-------------------------------------------
     0 | D:1      | dtburroughs the Minotaur Berserker began the quest for the
                  | Orb.
     0 | D:1      | Reached XP level 1. HP: 19/19 MP: 0/0
   356 | D:1      | Reached XP level 2. HP: 24/27 MP: 1/1
   745 | D:2      | Noticed Robin
   752 | D:2      | Succumbed to a goblin's poison

Illustrated notes

Levels and vault maps discovered:
D:1:      lightli_arrival_maybe_door_vault, layout_rooms, grunt_decor_junction
D:2:      layout_basic, chequers_garden, kennysheep_generic_room_7, uniq_robin

Action                   || total
-------------------------++-------
Melee: Hand axe          ||    29
       Headbutt          ||     1
Armor: Plate armour      ||    18
       Animal skin       ||     1
Dodge: Dodged            ||    23
